 Dungeon Crawl Stone Soup version 0.18.1-8-gdd0e5ea (webtiles) character file.

77 nikivarvar the Ducker (level 4, -4/45 HPs)
             Began as a Troll Berserker on June 1, 2016.
             Was a Believer of Trog.
             Killed by divine providence
             ... invoked by an orc priest
              (13 damage)
             ... on level 3 of the Dungeon.
             The game lasted 00:11:18 (994 turns).

nikivarvar the Ducker (Troll Berserker)              Turns: 994, Time: 00:11:19

Health: -4/45      AC:  6    Str: 25    XL:     4   Next: 14%
Magic:  3/3        EV: 10    Int:  3    God:    Trog [**....]
Gold:   106        SH:  0    Dex: 10    Spells: 0 memorised, 3 levels left

rFire  . . .     SeeInvis .     a - +1 mace
rCold  . . .     Gourm    +     b - +1 animal skin
rNeg   . . .     Faith    .     (no shield)
rPois  .         Spirit   .     (helmet restricted)
rElec  .         Dismiss  .     (no cloak)
rCorr  .         Reflect  .     (gloves unavailable)
SustAt .         Harm     .     (boots unavailable)
MR     .....                    (no amulet)
Stlth  +.........               (no ring)
                                (no ring)

@: not resistant to hostile enchantments, very unstealthy
A: unfitting armour, claws 3, fast metabolism 3, gourmand, regeneration 2,
shaggy fur 1, tough skin 2
a: Berserk, Trog's Hand, Burn Spellbooks, Renounce Religion


You were on level 3 of the Dungeon.
You worshipped Trog.
Trog was pleased with you.
You were not hungry.

You visited 1 branch of the dungeon, and saw 3 of its levels.

You collected 106 gold pieces.

Inventory:

Hand Weapons
 a - a +1 mace (weapon)
 e - a +0 club
 g - a +0 short sword
 m - a +0 dagger
Armour
 b - a +1 animal skin (worn)
Jewellery
 l - an uncursed amulet of harm {unknown}
 o - an uncursed ring of protection from magic {unknown}
Scrolls
 f - a scroll of magic mapping
 h - 2 scrolls of identify
Potions
 d - a potion of flight {unknown}
 j - 2 potions of heal wounds {unknown}
Comestibles
 i - a beef jerky
 p - a meat ration


   Skills:
 + Level 3.0 Fighting
 + Level 3.0 Maces & Flails
 + Level 3.4 Dodging
 + Level 0.2 Stealth


You had 3 spell levels left.
You didn't know any spells.

Dungeon Overview and Level Annotations

Branches:
Dungeon (3/15)

Altars:


Innate Abilities, Weirdness & Mutations

You are too large for most types of armour.
You have claws for hands.
Your metabolism is lightning-fast.
You like to eat raw meat.
You heal very quickly.
You are covered in fur (AC +1).
You have very tough skin (AC +2).


Message History

The orc priest hits you but does no damage.
You hit the orc priest.
The orc priest is heavily wounded.
The orc priest hits you but does no damage.
You hit the orc priest.
The orc priest is severely wounded.
The orc priest mumbles some strange prayers to Beogh against you.
Beogh smites you!
The orc priest mumbles some strange prayers to Beogh against you.
Beogh smites you!
* * * LOW HITPOINT WARNING * * *
You hit the orc priest.
The orc priest is severely wounded.
The orc priest barely misses you.
The orc priest invokes the aid of Beogh against you.
Pain shoots through your body!
* * * LOW HITPOINT WARNING * * *
The orc priest calls down the wrath of Beogh upon you.
Beogh smites you!
You die...

............#..#
##########....#..#
#.......##....#..###############
##.#.......##.#..... #..........
#.#.##.##.##.#.... #..........
#.#..<.##....#... #..........
#.##...#######..#####..........
#.##.........<...o.o[..........
##.#############@#####.(........
#................# #..........
################## #.((.......
#o.o....... #######o.........
.................
.................
.%..............
........########


You could see 2 orc priests.

Vanquished Creatures
  2 adders
  A gnoll (D:1)
  An ooze (D:1)
  A dart slug (D:1)
  A giant gecko (D:2)
  2 orcs (D:3)
  2 giant cockroaches
  3 goblins
  7 hobgoblins (D:1)
  4 jackals (D:3)
  3 ball pythons
  5 bats
  2 giant newts (D:1)
  4 kobolds
  2 rats (D:1)
40 creatures vanquished.

Notes
Turn   | Place    | Note
--------------------------------------------------------------
     0 | D:1      | nikivarvar the Troll Berserker began the quest for the Orb.
     0 | D:1      | Reached XP level 1. HP: 22/22 MP: 0/0
   123 | D:1      | Reached XP level 2. HP: 29/29 MP: 1/1
   434 | D:1      | Reached ** piety under Trog
   434 | D:1      | Reached XP level 3. HP: 29/36 MP: 2/2
   928 | D:3      | Reached XP level 4. HP: 44/44 MP: 3/3
   994 | D:3      | Killed from afar by an orc priest

Skill      XL: |  1  2  3  4 |
---------------+-------------+-----
Dodging        | 3 |  3.4
Maces & Flails | 3 |  3.0
Fighting       | 3 |  3.0
Stealth        | |  0.2

Action                   |  1- 3 |  4- 6 || total
-------------------------+-------+-------++-------
Melee: Mace              |   116 |    36 ||   152
  Use: Scroll            |     4 |       ||     4
  Eat: Bread ration      |     2 |       ||     2
Armor: Animal skin       |    97 |    19 ||   116
Dodge: Dodged            |    95 |    16 ||   111
